 Dungeon Crawl Stone Soup version 0.23.0-3-gf3c87f2 (webtiles) character file.

Game seed: 9131550751254998338

121 Monsterracer the Poker (level 5, -4/33 HPs)
             Began as a Tengu Abyssal Knight on Feb 24, 2019.
             Was a Believer of Lugonu.
             Killed by divine providence
             ... invoked by an orc priest
              (14 damage)
             ... on level 5 of the Dungeon.
             The game lasted 00:02:30 (2818 turns).

Monsterracer the Poker (Tengu Abyssal Knight)       Turns: 2818, Time: 00:02:32

Health: -4/33      AC:  5    Str: 13    XL:     5   Next: 5%
Magic:  7/7        EV: 12    Int: 12    God:    Lugonu [**....]
Gold:   155        SH:  0    Dex: 14    Spells: 4/4 levels left

rFire    . . .     SeeInvis .   a - +1 spear
rCold    . . .     Gourm    .   (no shield)
rNeg     . . .     Faith    .   j - +0 ring mail (curse)
rPois    .         Spirit   .   (helmet restricted)
rElec    .         Reflect  .   (no cloak)
rCorr    .         Harm     .   (no gloves)
MR       .....                  (boots unavailable)
Stlth    ++........             (no amulet)
HPRegen  0.11/turn              b - ring of stealth
MPRegen  0.10/turn              (no ring)

@: flying quickly and evasively, quick
A: beak, talons 3, able to fly
a: Stop Flying, Depart the Abyss, Bend Space, Renounce Religion


You were on level 5 of the Dungeon.
You worshipped Lugonu.
Lugonu was pleased with you.
You were not hungry.

You visited 1 branch of the dungeon, and saw 5 of its levels.
You visited the Abyss 1 time.

You collected 155 gold pieces.


Innate Abilities, Weirdness & Mutations

You have a beak for a mouth.
You have claws for feet.
You can fly continuously.


   Skills:
 + Level 4.0 Fighting
 * Level 4.7 Polearms
 - Level 2.1 Armour
 - Level 1.1 Dodging
 - Level 1.5 Invocations


You had 4 spell levels left.
You didn't know any spells.
Your spell library was empty.

Inventory:

Hand Weapons
 a - a +1 spear (weapon)
Armour
 j - a cursed +0 ring mail (worn)
   (You found it on level 1 of the Dungeon)
Jewellery
 b - a ring of stealth (left hand)
   (You found it on level 2 of the Dungeon)
Wands
 l - a wand of paralysis (7)
   (You found it on level 2 of the Dungeon)
Scrolls
 e - a scroll of random uselessness {unknown}
 g - 2 scrolls of teleportation {unknown}
 h - 2 scrolls of enchant weapon {unknown}
 i - a scroll of magic mapping {unknown}
 k - 2 scrolls of remove curse {unknown}
 n - a scroll of immolation {unknown}
Potions
 d - a potion of lignification
 f - 2 potions of haste
 o - 2 potions of heal wounds {unknown}
Comestibles
 c - 5 rations
 m - 2 chunks of flesh

Dungeon Overview and Level Annotations

Branches:
Dungeon (5/15)
 Temple: D:4-7

Altars:
Cheibriados
Trog
Xom
Zin

#. #. #. #.
###.## ....#
#.># .#####.@##
......?..####..
...............
o#####.<.####..
..oo.o...#
.##.oo...#
#.####.# ... ..
... ..#


You could see 2 orc priests, an orc wizard and an orc.


Message History

a +0 club; a goblin skeleton
Things that are here:
a +0 club; a goblin skeleton Eating one of 3 chunks of flesh.
You eat one of the 3 chunks of flesh.
This raw flesh tastes terrible.
Found 3 needles of frenzy.
Health restored: 29 Unknown command.
A leopard gecko and a worker ant come into view.
There are monsters nearby!
Attack whom?
Press: ? - help, Dir - move target cursor, f - leopard gecko
Aim: a leopard gecko (clinging, resting)
You reach to attack!
The helpless leopard gecko fails to defend itself.
You hit the leopard gecko.
You kill the leopard gecko!
Lugonu accepts your kill.
A scorpion comes into view.
The worker ant twitches its antennae in your direction.
The scorpion moves out of view.
Found 28 stones.
You see here a leopard gecko corpse.
You hit the worker ant. You claw the worker ant.
The worker ant is moderately wounded.
The worker ant closely misses you.
You hit the worker ant. Your kick misses the worker ant.
The worker ant is heavily wounded.
The worker ant bites you.
You are poisoned.
The worker ant poisons you!
You take 3 damage, and have 26/29 hp.
Your ring mail prevents you from hitting the worker ant.
Your kick misses the worker ant.
The worker ant is heavily wounded.
You feel sick. The worker ant bites you.
You take 5 damage, and have 21/29 hp.
You hit the worker ant.
The worker ant is severely wounded.
You feel sick.
The worker ant bites you but does no damage.
You take 1 damage, and have 20/29 hp.
You are too injured to fight recklessly!
You closely miss the worker ant. You claw the worker ant.
Your peck misses the worker ant.
The worker ant is almost dead.
You feel sick. The worker ant bites you.
* * * LOW HITPOINT WARNING * * *
You take 7 damage, and have 13/29 hp.
MASSIVE DAMAGE!!
Unknown command.
You hit the worker ant. Your peck misses the worker ant.
The worker ant is almost dead.
The worker ant barely misses you.
You hit the worker ant. Your kick misses the worker ant.
You peck the worker ant.
You kill the worker ant!
Lugonu accepts your kill.
Your Fighting skill increases to level 4!
You have reached level 5!
You have gained the ability to fly.
You feel sick.
MP restored: 7 You feel sick.
You take 1 damage, and have 13/33 hp.
You swoop lightly up into the air.
You feel very comfortable in the air.
You feel somewhat more hungry. The scorpion misses you.
You now have 4/7 mp.
You feel sick.
You feel sick.
You take 1 damage, and have 12/33 hp.
You feel sick.
You take 1 damage, and have 11/33 hp.
You feel sick.
You take 1 damage, and have 10/33 hp.
You feel sick.
You take 1 damage, and have 10/33 hp.
Found a dagger.
You feel sick.
You take 1 damage, and have 9/33 hp.
You feel sick.
You are no longer poisoned.
You take 1 damage, and have 9/33 hp.
An ogre comes into view. It is wielding a +0 giant club.
The ogre shouts!
The ogre moves out of view.
Found a stone staircase leading down.
A leopard gecko skeleton comes into view.
MP restored: 7 The teleport trap disappears.
The leopard gecko skeleton disappears!
There is a stone staircase leading down here.
You fly downwards.
An orc, 2 orc priests and an orc wizard come into view.
The orc wizard shouts!
The orc shouts!
Found a scroll labeled OSTRUT SYBATHRAG.
Found a stone staircase leading down.
There is a stone staircase leading up here.
The orc priest shouts!
The orc priest invokes the aid of Beogh against you.
Beogh smites you!
You die...

Skill      XL: |  1  2  3  4 |
---------------+-------------+-----
Polearms       | 3 4 |  4.7
Fighting       | 4 |  4.0
Armour         | |  2.1
Dodging        | |  1.1
Invocations    | |  1.5

Action                   |  1- 3 |  4- 6 || total
-------------------------+-------+-------++-------
Melee: Spear             |    88 |    83 ||   171
       Kick              |    10 |    18 ||    28
       Peck              |     9 |    14 ||    23
 Abil: Fly               |       |     1 ||     1
  Use: Potion            |     1 |       ||     1
 Stab: Sleeping          |     3 |     2 ||     5
  Eat: Chunk             |     2 |     4 ||     6
Armor: Leather armour    |     2 |       ||     2
       Ring mail         |     9 |    16 ||    25
       Skin              |     8 |       ||     8
Dodge: Dodged            |    37 |    28 ||    65

Levels and vault maps discovered:
D:1:      dpeg_arrival_solitude, layout_basic, item_on_display_a
D:2:      layout_rooms, minitemple
D:3:      layout_basic
D:4:      layout_rooms, minmay_pentomino_pile
D:5:      layout_loops_ring, basic_altar, first_ration,
          kennysheep_generic_room_11, uniq_sigmund
Abyss:1

Notes
Turn   | Place    | Note
-------+----------+-------------------------------------------
     0 | Abyss:1  | Monsterracer the Tengu Abyssal Knight began the quest for
                  | the Orb.
     0 | Abyss:1  | Reached XP level 1. HP: 14/14 MP: 3/3
     5 | Abyss:1  | Found a corrupted altar of Lugonu.
     9 | D:1      | Escaped the Abyss
   107 | D:1      | Reached XP level 2. HP: 12/19 MP: 4/4
   395 | D:1      | HP: 9/19 [leopard gecko (1)]
   603 | D:1      | Reached XP level 3. HP: 23/23 MP: 5/5
   749 | D:1      | HP: 11/23 [gnoll/+0 spear (7)]
   773 | D:1      | HP: 10/23 [rat (1)]
   808 | D:1      | HP: 11/23 [kobold (1)]
   814 | D:1      | HP: 7/23 [gnoll/+0 spear (3)]
   819 | D:1      | HP: 5/23 [gnoll/+0 spear (2)]
  1711 | D:2      | Reached XP level 4. HP: 28/28 MP: 6/6
  1725 | D:2      | Reached ** piety under Lugonu
  2105 | D:2      | Found a shimmering altar of Xom.
  2107 | D:2      | Found a bloodstained altar of Trog.
  2109 | D:2      | Found a snail-covered altar of Cheibriados.
  2112 | D:2      | Found a glowing silver altar of Zin.
  2330 | D:3      | HP: 14/29 [poisoned by a kobold]
  2337 | D:3      | HP: 12/29 [poisoned by a kobold]
  2344 | D:3      | HP: 11/29 [poisoned by a kobold]
  2352 | D:3      | HP: 9/29 [poisoned by a kobold]
  2586 | D:3      | HP: 14/29 [orc wizard/magic dart (7)]
  2774 | D:4      | HP: 13/29 [worker ant (6)]
  2776 | D:4      | Gained mutation: You can fly continuously. [Tengu growth]
  2776 | D:4      | Reached XP level 5. HP: 15/33 MP: 7/7
  2780 | D:4      | HP: 13/33 [poisoned by a worker ant]
  2785 | D:4      | HP: 11/33 [poisoned by a worker ant]
  2793 | D:4      | HP: 10/33 [poisoned by a worker ant]
  2798 | D:4      | HP: 9/33 [poisoned by a worker ant]
  2804 | D:4      | Noticed an ogre
  2815 | D:5      | Entered Level 5 of the Dungeon
  2818 | D:5      | Killed from afar by an orc priest

Vanquished Creatures
  A worker ant (D:4)
  A gnoll (D:1)
  An adder (D:2)
  An ooze (D:1)
  2 worms (D:3)
  A dart slug (D:1)
  6 leopard geckos (D:1 D:2 D:4)
  2 orcs (D:3)
  3 ball pythons (D:1 D:2)
  2 giant cockroaches (D:1 D:2)
  8 goblins (D:1 D:2 D:4)
  3 hobgoblins (D:1 D:2 D:3)
  5 jackals (D:2)
  6 kobolds (D:1 D:2 D:3)
  2 quokkas (D:2)
  3 bats (D:1 D:2)
  4 frilled lizards (D:1 D:2)
  8 rats (D:1 D:2 D:3)
59 creatures vanquished.

Table legend:
 A = Turns spent in this place as a percentage of turns spent in the entire game.
 B = Non-inter-level travel turns spent in this place as a percentage of non-inter-level travel turns spent in the entire game.
 C = Inter-level travel turns spent in this place as a percentage of turns spent in this place.
 D = Turns resting spent in this place as a percentage of non-inter-level travel turns spent in this place.
 E = Turns spent auto-exploring this place as a percentage of non-inter-level travel turns spent in this place.
 F = Non-inter-level travel turns spent in this place divided by the number of levels of this place that you've seen.
                   A       B       C       D       E      F
               +-------+-------+-------+-------+-------+----------------------
         Total | 100.0 | 100.0 |   2.0 |  12.8 |  70.6 | 460.3
       Dungeon |  99.7 |  99.7 |   2.0 |  12.8 |  70.6 | 550.6
         Abyss |   0.3 |   0.3 |   0.0 |   0.0 |  55.6 |   9.0
               +-------+-------+-------+-------+-------+----------------------

Table legend:
 A = Non-vault XP
 B = Vault XP
 C = Vault XP percentage of total XP
 D = Non-vault monster count
 E = Vault monster count
 F = Vault count percentage of total count
                 A         B        C        D         E       F
            +---------+---------+-------+---------+---------+-------
      Total |     170 |       3 |   1.7 |      58 |       1 |   1.7
            +---------+---------+-------+---------+---------+-------
        D:1 |      53 |       0 |   0.0 |      21 |       0 |   0.0
        D:2 |      61 |       0 |   0.0 |      28 |       0 |   0.0
        D:3 |      21 |       0 |   0.0 |       7 |       0 |   0.0
        D:4 |      35 |       3 |   7.9 |       2 |       1 |  33.3
            +---------+---------+-------+---------+---------+-------
